Map: Moonlight Madness LE (Void)

Players

Javert - Winner!

  • Race: Zerg Zerg
  • League: Platinum

CrazyFirefox

  • Race: Terran Terran
  • League: Silver

VOD

Have the link to the VOD?

Description

Time

  • Played on: Aug. 24, 2015, 11:47 p.m.
  • Length: 7:55
Show
View Real Time Build Order
Export as new Build Order

Javert Zerg - Winner!

Build Orders: Hatch First 

Get SALT Encoding   

  12  0:01  Drone  
  13  0:15  Overlord  
  13  0:21  Drone  
  14  0:34  Drone x2  
  16  0:39  Drone  
  17  0:54  Hatchery  
  16  0:58  Drone  
  16  1:00  Extractor  
  16  1:01  Drone  
  17  1:10  Drone  
  18  1:22  Spawning Pool  
  18  1:23  Drone  
  18  1:31  Drone  
  19  1:42  Drone  
  20  1:53  Drone  
  21  2:05  Overlord  
  21  2:09  Metabolic Boost, Queen x2  
  21  2:14  Zergling x4  
  27  2:26  Drone x2  
  29  2:38  Zergling x2  
  29  2:39  Zergling x2  
  31  2:47  Drone x2  
  31  2:49  Queen  
  35  2:53  Overlord  
  35  3:02  Drone  
  36  3:10  Queen  
  36  3:12  Drone x3  
  41  3:18  Overlord  
  41  3:19  Drone x3, Extractor  
  43  3:28  Drone  
  43  3:36  Drone x3  
  46  3:41  Lair  
  46  3:44  Drone x2  
  48  4:03  Drone x3  
  48  4:09  Hatchery, Overlord x2  
  50  4:14  Overlord  
  50  4:21  Drone  
  51  4:28  Drone x5  
  56  4:34  Roach Warren  
  56  4:35  Evolution Chamber  
  54  4:41  Drone x3  
  54  4:50  Drone x4, Spire  
  44  5:21  Drone  
  44  5:22  Drone x9  
  44  5:27  Drone  
  51  5:44  Drone x6  
  51  5:46  Zerg Missile Weapons Level 1, Extractor x2  
  55  6:03  Drone x5  
  55  6:04  Drone  
  61  6:10  Mutalisk x2  
  65  6:15  Mutalisk  
  65  6:16  Roach  
  65  6:18  Mutalisk  
  69  6:19  Roach  
  69  6:21  Overlord  
  69  6:23  Queen  
  69  6:24  Mutalisk, Extractor  
  76  6:26  Extractor  
  76  6:30  Mutalisk, Roach  
  76  6:31  Mutalisk  
  81  6:39  Overlord  
  81  6:42  Mutalisk x2  
  85  6:49  Mutalisk  
  85  6:51  Spine Crawler  
  85  6:54  Spine Crawler  
  85  6:59  Zergling x2  
  85  7:00  Zergling x14  
  93  7:09  Roach x2  
  97  7:26  Drone  
  97  7:28  Overlord  
  97  7:29  Overlord x2  
  97  7:35  Overlord  
Show
View Real Time Build Order
Export as new Build Order

CrazyFirefox Terran 

Build Orders: Hellion Opening 

Get SALT Encoding   

  12  0:01  SCV  
  13  0:13  SCV  
  14  0:21  Supply Depot  
  14  0:25  SCV  
  15  0:28  Refinery  
  15  0:43  SCV  
  15  0:47  Barracks  
  16  0:55  SCV  
  17  1:07  SCV  
  18  1:19  SCV  
  19  1:31  SCV  
  20  1:34  Reaper  
  21  1:43  Command Center  
  21  1:46  SCV  
  22  1:59  Supply Depot, SCV  
  23  2:11  Factory  
  23  2:14  Barracks Reactor  
  23  2:20  SCV  
  24  2:27  Supply Depot  
  24  2:32  SCV  
  25  2:44  SCV  
  26  3:09  Hellion x2  
  26  3:10  Barracks Tech Lab  
  29  3:30  Hellion  
  29  3:31  Hellion  
  33  3:36  Orbital Command  
  33  3:48  Factory  
  33  3:52  Hellion x2  
  37  3:59  Barracks Reactor  
  37  4:04  SCV x2  
  39  4:13  Hellion x2  
  43  4:21  SCV x2  
  43  4:33  SCV x2  
  41  4:45  SCV  
  41  4:46  SCV  
  41  4:51  Hellion x2  
  46  4:55  Starport  
  46  4:56  Cyclone  
  46  4:57  SCV  
  46  4:58  SCV  
  51  5:09  SCV  
  51  5:10  SCV  
  53  5:22  Hellion  
  53  5:25  Hellion  
  53  5:27  Supply Depot  
  53  5:28  Supply Depot x2  
  42  5:44  Cyclone  
  42  5:47  Hellion x2, Refinery  
  49  5:51  SCV x2  
  51  6:03  SCV  
  51  6:04  SCV  
  53  6:11  Refinery  
  53  6:12  Hellion, Refinery  
  53  6:13  Hellion  
  53  6:15  SCV  
  53  6:16  SCV  
  59  6:30  Cyclone  
  62  6:34  Hellion x2  
  66  6:41  SCV  
  66  6:42  SCV  
  68  6:53  Supply Depot, SCV  
  70  6:54  SCV  
  70  6:57  Hellion x2  
  74  7:01  Armory  
  74  7:02  Cyclone  
  77  7:13  Command Center  
Tags
 
Add a new tag
Caveats
  • Supply blocks, unpowered buildings, or Contaminate may cause inaccurate times.
  • Supply counts are checked every 10 seconds.